 Dungeon Crawl Stone Soup version 0.17-a0-1642-gd4b747b (webtiles) character file.

3963 Murumi the Blocker (level 10, -4/115 HPs)
             Began as a Formicid Fighter on Aug 8, 2015.
             Was a Follower of the Shining One.
             Slain by an orc warrior
             ... wielding a +0 long sword of holy wrath
              (8 damage)
             ... on level 8 of the Dungeon.
             The game lasted 00:42:04 (9063 turns).

Murumi the Blocker (Formicid Fighter)               Turns: 9063, Time: 00:42:04

Health: -4/115     AC: 25    Str: 28    XL:     10   Next: 45%
Magic:  16/16      EV:  2    Int:  9    God:    the Shining One [*.....]
Gold:   305        SH: 12    Dex: 10    Spells: 0 memorised, 9 levels left

rFire  . . .     SeeInvis .     a - +1 long sword
rCold  . . .     Clarity  .     (armour currently unavailable)
rNeg   + + +     SustAt   .     c - +0 shield
rPois  +         Gourm    .     (helmet unavailable)
rElec  .         Spirit   .     (cloak currently unavailable)
rCorr  .         Warding  .     (gloves currently unavailable)
rMut   +         Stasis   +     (boots currently unavailable)
MR     +....                    u - amulet of resist mutation
Stlth  +.........               t - +5 ring of strength
                                l - ring of poison resistance

@: tree-form, glowing, somewhat resistant to hostile enchantments, very
unstealthy
A: permanent stasis, dig shafts and tunnels, four strong arms, (antennae 0)
a: Renounce Religion


You were on level 8 of the Dungeon.
You worshipped the Shining One.
The Shining One was aware of your devotion.
You were hungry.
You were a tree.
You visited 2 branches of the dungeon, and saw 9 of its levels.

You collected 305 gold pieces.

Inventory:

Hand weapons
 a - a +1 long sword (weapon)
Missiles
 n - 12 bolts
Armour
 c - a +0 shield (worn)
 m - a +0 chain mail (melded)
 q - a +2 cloak (melded)
Jewellery
 l - a ring of poison resistance (left branch)
 r - an uncursed ring of protection from magic
 t - a +5 ring of strength (right branch)
 u - an amulet of resist mutation (around neck)
Magical devices
 v - a wand of frost (37)
Scrolls
 i - 4 scrolls of remove curse
 o - a scroll of enchant weapon
 s - 2 scrolls of magic mapping
 x - a scroll of amnesia
Potions
 b - a potion of degeneration {unknown}
 f - 2 potions of lignification
 g - a potion of brilliance
 k - 5 potions of curing
 p - a potion of cancellation {unknown}
 w - a potion of agility {unknown}
Comestibles
 e - 4 bread rations
 h - 2 slices of pizza
 j - 5 meat rations
 z - 2 chunks of flesh


   Skills:
 + Level 6.7 Fighting
 - Level 6.1 Long Blades
 - Level 7.0 Armour
 - Level 4.0 Dodging
 - Level 9.0 Shields
 - Level 8.0 Invocations


You had 9 spell levels left.
You didn't know any spells.

Dungeon Overview and Level Annotations

Branches:
Dungeon (8/15)             Temple (1/1) D:4
   Lair: D:8-11

Altars:
Ashenzari
Cheibriados
Dithmenos
Elyvilon
Fedhas
Gozag
Kikubaaqudgha
Makhleb
Nemelex Xobeh
Okawaru
Qazlal
Ru
Sif Muna
Trog
Vehumet
Xom
Yredelemnul
Zin
The Shining One

Shops:
D:7 %


Innate Abilities, Weirdness & Mutations

You are under a permanent stasis effect.
You can dig through walls and to a lower floor.
Your four strong arms can wield two-handed weapons with a shield.
((You have a pair of large antennae on your head (SInv).))


Message History

* * * LOW HITPOINT WARNING * * *
Drink which item? (? for menu, Esc to quit)
You turn into a tree.
Your +2 cloak melds into your body.
Your +0 chain mail melds into your body.
Your roots penetrate the ground.
The orc warrior hits you with a long sword of holy wrath!
* * * LOW HITPOINT WARNING * * *
You hit the orc warrior but do no damage.
The orc warrior is severely wounded.
The orc warrior hits you but does no damage.
You hit the orc warrior.
The orc warrior is almost dead.
You hit the orc warrior but do no damage.
The orc warrior is almost dead.
The orc warrior hits you with a long sword of holy wrath.
* * * LOW HITPOINT WARNING * * *
You hit the orc warrior but do no damage.
The orc warrior is almost dead.
The orc warrior hits you with a long sword of holy wrath!
You die...

{ ### #####...# ##.##
#.......#
##...###.###...#
#{....##.####.####
#.####...###.#.....^..
#...).....†.#..##.###.
#####{#.####.#.##.#
#o##.# ###.#..# ##♣#+#
#.#.####. ##...#
#........ ....#
###.##### .....# #..##
......####...### {
......+........>
......####...###
.)...#......##
#.###.<#


You could see an orc warrior.

Vanquished Creatures
  Pikel (D:4)
  Grinder (D:4)
  2 hippogriffs (D:7)
  The ghost of nubinia the Digger, an average DrEE (D:5)
  A water moccasin (D:6)
  An orc warrior (D:7)
  3 sky beasts
  An ice beast (D:6)
  2 ogres
  2 slaves (D:4)
  An eye of draining (D:8)
  A centaur (D:8)
  A giant frog (D:6)
  Blork the orc (D:5)
  A big kobold (D:7)
  3 scorpions
  11 orc priests
  3 crimson imps
  Crazy Yiuf (D:4)
  2 iguanas (D:4)
  3 jellies
  3 giant frog skeletons
  6 hounds
  10 orc wizards
  6 worker ants
  A hound zombie (D:5)
  A hound skeleton (D:5)
  11 adders
  11 gnolls
  A shadow imp (D:5)
  An ooze (D:2)
  2 worms (D:3)
  4 giant geckos
  38 orcs
  8 bats
  8 hobgoblins
  12 jackals
  A quokka (D:2)
  7 ball pythons
  6 giant cockroaches
  6 giant newts
  13 goblins
  16 kobolds
  4 rats
219 creatures vanquished.

Notes
Turn   | Place    | Note
--------------------------------------------------------------
     0 | D:1      | Murumi the Formicid Fighter began the quest for the Orb.
     0 | D:1      | Reached XP level 1. HP: 18/18 MP: 1/1
    33 | D:1      | Reached skill level 4 in Shields
    76 | D:1      | Reached XP level 2. HP: 22/24 MP: 2/2
   251 | D:1      | Reached skill level 1 in Dodging
   432 | D:1      | Reached XP level 3. HP: 29/29 MP: 3/3
   849 | D:2      | Reached XP level 4. HP: 35/37 MP: 4/4
  1501 | D:2      | Reached XP level 5. HP: 7/42 MP: 5/5
  2213 | D:3      | Found a shattered altar of Ashenzari.
  2230 | D:3      | Reached XP level 6. HP: 42/48 MP: 6/6
  2800 | D:3      | Reached skill level 5 in Shields
  3457 | D:3      | You fall through a shaft for 3 floors!
  3457 | D:6      | Noticed an ice beast
  3586 | D:5      | Entered Level 5 of the Dungeon
  3586 | D:5      | Noticed Blork the orc
  3677 | D:4      | Reached XP level 7. HP: 51/55 MP: 7/7
  3819 | D:4      | Noticed Crazy Yiuf
  3828 | D:4      | Killed Crazy Yiuf
  3828 | D:4      | Reached skill level 5 in Fighting
  4279 | D:4      | Noticed Grinder
  4296 | D:4      | Killed Grinder
  4296 | D:4      | Reached skill level 6 in Armour
  4296 | D:4      | Reached XP level 8. HP: 31/62 MP: 8/8
  4507 | D:4      | Noticed a slave
  4508 | D:4      | Noticed a slave
  4510 | D:4      | Noticed a slave
  4525 | D:4      | Killed a slave
  4584 | D:4      | Killed a slave
  4738 | D:4      | Noticed Pikel
  4740 | D:4      | Noticed a slave
  4780 | D:4      | Killed Pikel
  4780 | D:4      | Reached skill level 8 in Shields
  4956 | D:4      | Found a staircase to the Ecumenical Temple.
  4965 | Temple   | Entered the Ecumenical Temple
  4974 | Temple   | Became a worshipper of the Shining One
  5238 | D:5      | Reached skill level 9 in Shields
  5238 | D:5      | Reached XP level 9. HP: 66/68 MP: 9/9
  5265 | D:5      | Killed Blork the orc
  5881 | D:5      | Reached skill level 5 in Invocations
  6045 | D:5      | Noticed nubinia's ghost (average DrEE)
  6064 | D:5      | Killed nubinia's ghost
  7117 | D:6      | Noticed a water moccasin
  7134 | D:6      | Killed a water moccasin
  7256 | D:6      | Killed an ice beast
  7789 | D:6      | Acquired the Shining One's first power
  7825 | D:7      | Found Xarrofey's Food Shoppe.
  7856 | D:7      | Reached XP level 10. HP: 64/76 MP: 15/15
  7901 | D:7      | Reached skill level 5 in Long Blades
  9062 | D:8      | HP: 4/115 [orc warrior/long sword of holy wrath (5)]
  9063 | D:8      | Slain by an orc warrior

Vault maps used:
D:1:      dpeg_arrival_pond, minmay_shallow_snake_nest
D:2:      serial_corexii_hall, corexii_hall_statues_i, corexii_hall_statues_u,
          corexii_hall_statues_i, corexii_hall_statues_l
D:3:      lemuel_crystal_altar, minmay_ruptured
D:4:      minmay_temple_entry_fiery, uniq_pikel, uniq_grinder,
          uniq_crazy_yiuf_cottage
D:5:      first_bread, kennysheep_pointless_box, uniq_blork_the_orc
D:6:      kennysheep_windowed_goal
D:7:      serial_shops, shop
Temple:   grunt_circular_temple_18

Action                   |  1- 3 |  4- 6 |  7- 9 | 10-12 || total
-------------------------+-------+-------+-------+-------++-------
Melee: Long sword        |    92 |   304 |   541 |   168 ||  1105
 Abil: Dig               |       |     5 |     8 |     4 ||    17
  Use: Scroll            |     3 |     7 |     3 |     4 ||    17
       Potion            |       |     1 |     1 |     1 ||     3
  Eat: Chunk             |       |    10 |    15 |     5 ||    30
